Map: Costas tropicales

Players

MrFercho - Winner!

  • Race: Zerg Zerg
  • League: Gold
  • Spawn Location: 0:00

tigro

  • Race: Terran Terran
  • League: Bronze
  • Spawn Location: 5:00

VOD

Have the link to the VOD?

Description

Time

  • Played on: Aug. 9, 2020, 6:56 p.m.
  • Length: 11:58
Show
View Real Time Build Order
Export as new Build Order

MrFercho Zerg - Winner!

Build Orders: Hatch First 

Get SALT Encoding   

  12  0:30  Hatchery  
  11  0:35  Drone  
  11  0:36  Drone  
  11  0:41  Drone  
  14  0:54  Overlord  
  14  1:13  Drone x2  
  16  1:30  Drone x2  
  18  1:37  Spawning Pool  
  18  1:39  Extractor  
  16  1:41  Drone  
  16  1:44  Drone  
  18  1:51  Drone  
  19  1:54  Overlord  
  19  2:13  Drone x2  
  21  2:21  Drone  
  21  2:22  Drone  
  23  2:24  Overlord  
  23  2:26  Queen x2  
  28  2:30  Zergling x2  
  28  2:37  Overlord  
  28  2:46  Drone x2  
  28  2:47  Drone  
  31  2:53  Metabolic Boost  
  31  2:55  Drone  
  31  2:58  Drone  
  33  3:12  Queen  
  33  3:16  Overlord  
  33  3:17  Drone x2  
  37  3:21  Lair  
  37  3:24  Drone  
  38  3:42  Drone x8  
  46  3:49  Extractor x2  
  46  3:52  Baneling Nest  
  43  3:57  Drone x3  
  43  3:58  Drone  
  47  4:06  Overlord  
  47  4:07  Overlord  
  47  4:14  Evolution Chamber  
  46  4:22  Zergling x4  
  48  4:27  Drone x2  
  48  4:29  Overlord  
  48  4:31  Overlord  
  50  4:35  Queen x2  
  50  4:36  Overlord  
  54  4:38  Centrifical Hooks  
  54  4:46  Zerg Melee Weapons Level 1  
  54  4:51  Evolution Chamber, Drone  
  54  4:54  Drone  
  55  5:02  Drone  
  56  5:08  Hatchery  
  55  5:18  Pneumatized Carapace  
  55  5:25  Drone x10  
  55  5:26  Drone  
  66  5:29  Overlord  
  66  5:34  Zerg Ground Armor Level 1  
  66  5:40  Zergling x6  
  69  5:59  Zergling x14  
  76  6:18  Hatchery  
  75  6:23  Zergling x14  
  75  6:25  Overlord  
  82  6:44  Zergling x16  
  90  7:14  Zergling x18  
  99  7:25  Zergling x10  
  104  7:46  Zergling x2  
  104  7:47  Zergling x20  
  104  7:48  Overlord  
  115  7:56  Zergling x8  
  119  8:02  Zergling x2  
  119  8:03  Overlord x2  
  119  8:04  Overlord x2  
  120  8:06  Queen, Zerg Ground Armor Level 2, Zerg Melee Weapons Level 2  
  122  8:13  Infestation Pit  
  121  8:36  Zergling x18  
  121  8:37  Zergling x18  
  139  8:51  Zergling x18  
  148  8:57  Baneling x3  
  148  8:58  Baneling x21  
  148  8:59  Zergling x2  
  148  9:00  Zergling x6  
  152  9:12  Overlord x4  
  152  9:13  Overlord  
  152  9:14  Zergling x2  
  152  9:15  Zergling x6  
  156  9:24  Drone x3  
  159  9:31  Hive  
  159  9:33  Extractor  
  159  9:36  Hydralisk Den  
  157  9:41  Spire  
  156  9:48  Extractor  
  156  9:51  Extractor  
  132  10:55  Zergling x16  
  132  10:56  Zergling x52  
  127  11:11  Zergling x8  
  127  11:12  Zergling x4  
  129  11:23  Spore Crawler  
  127  11:26  Spore Crawler  
  127  11:27  Spore Crawler  
Show
View Real Time Build Order
Export as new Build Order

tigro Terran 

Build Orders:  

Get SALT Encoding   

  12  0:14  SCV  
  12  0:18  Supply Depot  
  13  0:26  SCV  
  14  0:38  SCV  
  15  0:48  Barracks  
  15  0:50  SCV  
  15  0:54  Refinery  
  16  1:02  SCV  
  17  1:14  SCV  
  18  1:23  Supply Depot  
  18  1:27  SCV  
  19  1:36  Marine  
  19  1:39  SCV  
  21  1:51  Refinery, SCV  
  22  1:54  Marine  
  23  2:05  Factory  
  23  2:07  SCV  
  24  2:12  Marine  
  25  2:19  SCV  
  26  2:30  Marine  
  26  2:31  SCV  
  28  2:47  Marine  
  29  2:57  Engineering Bay  
  29  3:00  Orbital Command  
  29  3:13  Barracks Tech Lab  
  29  3:16  Factory Tech Lab  
  29  3:17  Command Center  
  29  3:33  Terran Infantry Weapons Level 1  
  29  3:37  Starport  
  29  3:49  Siege Tank  
  32  4:14  Marine  
  33  4:21  Siege Tank  
  36  4:30  Refinery  
  36  4:31  Marine  
  36  4:38  Armory  
  37  4:45  SCV  
  38  4:49  Marine  
  39  4:57  SCV  
  40  5:00  Barracks  
  40  5:07  Marine  
  40  5:09  SCV  
  42  5:15  Medivac  
  44  5:21  SCV  
  44  5:25  Marine  
  44  5:27  Terran Infantry Armor Level 1  
  46  5:33  SCV  
  47  5:41  Refinery  
  47  5:45  Medivac  
  47  5:46  SCV  
  50  5:54  Siege Tank  
  50  5:56  Barracks Reactor  
  53  5:58  SCV  
  54  6:12  Fusion Core  
  54  6:17  SCV  
  55  6:26  Stimpack, Siege Tank  
  55  6:29  SCV  
  59  7:03  Missile Turret  
  59  7:23  Missile Turret  
  59  7:27  Starport Tech Lab  
  59  7:52  Missile Turret  
  59  8:01  Command Center  
  59  8:15  Supply Depot  
  59  8:21  Missile Turret  
  59  8:36  Thor  
  59  8:38  Supply Depot  
  65  8:47  Missile Turret  
  65  8:50  Battlecruiser  
  65  8:53  Weapon Refit  
  71  8:56  Neosteel Armor  
  71  9:00  Supply Depot  
  71  9:09  Missile Turret  
  71  9:16  Refinery  
  71  9:18  SCV  
  71  9:24  Supply Depot  
  72  9:30  SCV  
  73  9:42  SCV  
  73  9:45  Planetary Fortress  
  74  9:46  Missile Turret  
  74  10:10  Missile Turret  
  74  10:19  Siege Tank  
  77  10:21  Starport  
  77  10:29  Missile Turret  
  77  10:33  Rapid Reignition System  
  77  10:43  Hi-Sec Auto Tracking  
  76  10:55  Missile Turret  
  76  10:56  Marine  
  76  10:57  Marine x2  
  46  11:20  Missile Turret  
Tags
 
Add a new tag
Caveats
  • Supply blocks, unpowered buildings, or Contaminate may cause inaccurate times.
  • Supply counts are checked every 10 seconds.